 Dungeon Crawl Stone Soup version 0.30-a0-728-gc68057be0a (webtiles) character file.

Game seed: 10212288442130379052

4 arthad the Caller (level 1, 0/7 HPs)
             Began as a Felid Summoner on Feb 1, 2023.
             Slain by a goblin
             ... wielding a +0 dagger of venom
              (3 damage)
             ... on level 1 of the Dungeon.
             The game lasted 00:01:21 (66 turns).

arthad the Caller (Felid Summoner)                    Turns: 66, Time: 00:01:22

Health: 0/7        AC:  1    Str:  4    XL:     1   Next: 50%
Magic:  0/4        EV: 17    Int: 16    God:
Gold:   11         SH:  0    Dex: 16    Spells: 3/4 levels left
                                        Lives:  0   Deaths: 0

rFire   . . .      SeeInvis +    (weapon unavailable)
rCold   . . .      Faith    .    (shield unavailable)
rNeg    . . .      Spirit   .    (body armour unavailable)
rPois   .          Reflect  .    (helmet unavailable)
rElec   .          Harm     .    (cloak unavailable)
rCorr   .          Rampage  .    (gloves unavailable)
Will    .....                    (boots unavailable)
Stlth   ++                       (no amulet)
HPRegen 0.21/turn                (no ring)
MPRegen 0.09/turn                (no ring)

@: mighty, lethally poisoned (0 -> -5), quick
A: very small, claws 1, fangs 3, see invisible, speed 1, shaggy fur 1, stealthy
paws, no weapons or thrown items, no armour, multi-lived
a: no special abilities


You were on level 1 of the Dungeon.
You visited 1 branch of the dungeon, and saw 1 of its levels.

You collected 11 gold pieces.

Inventory:

Scrolls
 b - a scroll of identify {unknown}
 c - a scroll of noise {unknown}
Potions
 a - a potion of magic


   Skills:
 - Level 2.6 Dodging
 - Level 2.6 Stealth
 - Level 2.0 Spellcasting
 + Level 4.2 Summonings


You had 3 spell levels left.
You knew the following spells:

 Your Spells              Type           Power      Damage    Failure   Level
a - Summon Small Mammal   Summ           60%        N/A       3%          1

Your spell library contained the following spells:

 Spells                   Type           Power      Damage    Failure   Level
 Call Imp                 Summ           15%        N/A       5%          2
 Call Canine Familiar     Summ           15%        N/A       11%         3
 Summon Guardian Golem    Hex/Summ       8%         N/A       26%         3
 Summon Lightning Spire   Summ/Air       8%         N/A       65%         4


Dungeon Overview and Level Annotations

Branches:
Dungeon (1/15)

Altars:


Innate Abilities, Weirdness & Mutations

You have sharp claws.
You have razor-sharp teeth.
You have supernaturally acute eyesight. (SInv)
You cover ground quickly. (Speed+)
You are covered in fur. (AC +1)
Your paws help you pounce on unaware monsters.
You are incapable of wielding weapons or throwing items.
You cannot wear armour.
You gain extra lives every three experience levels.


Message History

Your bat's corpse disappears in a puff of smoke!
The jackal bites your quokka but does no damage.
Your quokka bites the jackal.
The jackal bites your quokka.
The jackal bites your quokka but does no damage.
Your quokka barely misses the jackal.
Your bat hits the jackal but does no damage.
The jackal barely misses your quokka.
Your quokka barely misses the jackal.
Your bat misses the jackal. Your bat hits the jackal.
The jackal closely misses your quokka. The jackal bites your bat.
Your quokka closely misses the jackal.
The jackal bites your quokka.
Your bat hits the jackal.
Your quokka bites the jackal but does no damage.
The jackal bites your quokka but does no damage.
The jackal bites your bat but does no damage.
Your bat hits the jackal but does no damage.
Your bat hits the jackal.
The jackal dies!
Your quokka bites the jackal.
The jackal closely misses your bat.
Your bat hits the jackal.
Your bat barely misses the jackal.
Your quokka barely misses the goblin.
Your bat hits the jackal but does no damage.
Your bat misses the jackal. The jackal bites your bat.
Your bat dies!
Your bat's corpse disappears in a puff of smoke!
The goblin completely misses you. The jackal completely misses you.
Your quokka barely misses the jackal.
You barely miss the jackal.
The jackal is severely wounded.
Your bat misses the jackal.
Your bat hits the jackal but does no damage.
The jackal closely misses your bat. The goblin hits you but does no damage.
You are lethally poisoned!
Your quokka misses the jackal.
You feel sick.
It was a potion of might.
You feel very mighty all of a sudden.
You feel sick.
Your bat closely misses the jackal.
Your quokka bites the jackal but does no damage.
The goblin hits you with a +0 dagger of venom.
You die...

################# .......
........ ... . ......
...... ... .. #...# #...#
...# ...##.).# #...# ...#
.....bh†####...# #...#
...>..†r.g@....#####...#
.......................####
...#######.................
. #...#####........< #.[.#
#...####.. #...# #...# #..
#...#####...####..
..................
...................


You could see a jackal (distracted, ally target), a goblin, a friendly quokka
(summoned) and a friendly bat (summoned).

Vanquished Creatures (collateral kills)
  A hobgoblin (D:1)
  A jackal (D:1)
  A bat (D:1)
  A kobold (D:1)
4 creatures vanquished.

Notes
Turn   | Place    | Note
-------+----------+-------------------------------------------
     0 | D:1      | arthad the Felid Summoner began the quest for the Orb.
     0 | D:1      | Reached XP level 1. HP: 7/7 MP: 4/4
    66 | D:1      | Slain by a goblin

Illustrated notes

Levels and vault maps discovered:
D:1:      dpeg_arrival_boxorama, layout_basic

Action                     || total
---------------------------++-------
  Melee: Unarmed           ||     1
   Cast: Summon Small Mamm ||     6
    Use: Potion            ||     1
 Armour: Skin              ||     1
  Dodge: Dodged            ||     2

Table legend: (Time is in decaauts)
 A = Elapsed time spent in this place.
 B = Non-inter-level travel time spent in this place.
 C = Inter-level travel time spent in this place.
 D = Time resting spent in this place.
 E = Time spent auto-exploring this place.
 F = Levels seen in this place.
 G = Mean time per level.
                   A        B        C        D        E       F      G
               +--------+--------+--------+--------+--------+-----+--------+
         Total |     58 |     58 |      0 |      0 |     23 |   1 |   58.0 |
       Dungeon |     58 |     58 |      0 |      0 |     23 |   1 |   58.0 |
               +--------+--------+--------+--------+--------+-----+--------+

Top non-repeatable levels by time:
     D:1: 58 daAuts
